Map: Abyssal Reef LE

Players

maraoz

  • Race: Protoss Protoss
  • Spawn Location: 11:00

eXile - Winner!

  • Race: Zerg Zerg
  • League: Platinum
  • Spawn Location: 5:00

VOD

Have the link to the VOD?

Description

Time

  • Played on: Dec. 25, 2017, 9:39 p.m.
  • Length: 11:37
Show
View Real Time Build Order
Export as new Build Order

maraoz Protoss 

Build Orders: Nexus First 

Get SALT Encoding   

  12  0:06  Probe  
  13  0:20  Probe  
  14  0:32  Probe  
  15  0:50  Pylon  
  15  1:01  Nexus  
  15  1:08  Probe  
  16  1:17  Gateway  
  16  1:23  Probe (Chrono Boost)  
  17  1:28  Gateway  
  17  1:36  Probe (Chrono Boost)  
  18  1:44  Forge  
  18  1:45  Probe (Chrono Boost)  
  19  1:53  Probe (Chrono Boost)  
  20  2:04  Probe (Chrono Boost)  
  20  2:06  Cybernetics Core  
  21  2:09  Probe (Chrono Boost)  
  21  2:14  Probe  
  23  2:19  Probe  
  23  2:21  Photon Cannon  
  24  2:31  Probe  
  24  2:36  Assimilator  
  25  2:41  Assimilator  
  25  2:46  Pylon  
  25  2:50  Probe x2  
  27  2:53  Pylon  
  27  3:03  Probe (Chrono Boost)  
  28  3:10  Probe (Chrono Boost), Assimilator x2  
  31  3:20  Probe x2 (Chrono Boost)  
  31  3:21  Zealot x2  
  31  3:26  Probe  
  36  3:35  Stargate  
  36  3:38  Pylon  
  36  3:44  Pylon  
  36  3:50  Probe x2  
  36  3:55  Zealot x2  
  42  4:06  Probe (Chrono Boost)  
  44  4:11  Probe (Chrono Boost)  
  44  4:14  Pylon  
  44  4:16  Probe (Chrono Boost)  
  45  4:19  Probe (Chrono Boost)  
  45  4:21  Pylon  
  45  4:24  Phoenix (Chrono Boost)  
  46  4:30  Probe  
  49  4:31  Zealot  
  51  4:38  Protoss Ground Weapons Level 1 (Chrono Boost)  
  51  4:48  Void Ray  
  55  4:58  Stalker  
  57  5:14  Probe x2  
  59  5:26  Probe x2  
  61  5:30  Zealot  
  61  5:31  Zealot  
  65  5:37  Twilight Council  
  65  6:31  Zealot x2  
  69  7:05  Gateway  
  69  7:08  Gateway  
  69  7:10  Gateway, Protoss Ground Weapons Level 2 (Chrono Boost)  
  69  7:14  Gateway  
  69  7:15  Zealot x2  
  73  7:17  Gateway  
  73  7:20  Gateway  
  73  7:22  Gateway  
  73  7:25  Pylon  
  73  7:27  Pylon  
  73  7:29  Pylon  
  73  7:32  Pylon  
  73  7:39  Void Ray  
  73  7:41  Zealot (Chrono Boost)  
  73  7:42  Zealot (Chrono Boost)  
  81  7:57  Stalker (Chrono Boost)  
  81  8:00  Stalker x2  
  81  8:01  Stalker  
  89  8:07  Stalker x4  
  89  8:12  Charge (Chrono Boost)  
  97  8:21  Stalker  
  99  8:30  Stalker x2  
  99  8:31  Oracle  
  106  8:36  Stalker  
  106  8:37  Stalker  
  112  8:46  Dark Shrine  
  112  8:47  Robotics Facility  
  100  9:11  Stalker x5  
  76  9:40  Stalker  
  76  9:41  Stalker x4  
  81  10:10  Stalker  
  81  10:11  Zealot x3, Stalker  
  91  10:23  Pylon  
  91  10:26  Pylon  
  91  10:28  Pylon  
  91  10:30  Pylon  
  91  10:32  Pylon  
  91  10:35  Pylon  
  91  10:38  Zealot  
  91  10:41  Zealot, Observer  
  96  10:43  Gateway x2  
  96  10:45  Gateway  
Show
View Real Time Build Order
Export as new Build Order

eXile Zerg - Winner!

Build Orders: Hatch First 

Get SALT Encoding   

  12  0:02  Drone  
  13  0:13  Overlord  
  13  0:18  Drone  
  14  0:32  Drone x2  
  16  0:53  Hatchery, Drone  
  16  0:57  Drone  
  16  1:03  Drone  
  18  1:06  Extractor  
  17  1:19  Spawning Pool  
  17  1:21  Drone  
  17  1:30  Drone  
  17  1:31  Drone  
  19  1:39  Overlord  
  19  2:07  Queen x2  
  23  2:09  Metabolic Boost  
  23  2:11  Zergling x4  
  25  2:17  Drone  
  25  2:19  Drone  
  28  2:30  Drone x3  
  30  2:42  Drone  
  30  2:43  Drone  
  32  2:46  Drone  
  33  2:56  Drone x2  
  35  3:05  Overlord  
  35  3:21  Drone  
  35  3:22  Queen  
  35  3:27  Spore Crawler  
  37  3:28  Spore Crawler  
  37  3:33  Extractor, Drone x7  
  42  3:58  Drone  
  42  3:59  Drone  
  44  4:04  Overlord x3  
  44  4:16  Hatchery  
  43  4:24  Queen  
  43  4:26  Lair  
  43  4:31  Evolution Chamber, Drone  
  44  4:33  Drone  
  44  4:34  Extractor, Drone x5  
  44  4:35  Drone x2  
  52  4:59  Pneumatized Carapace  
  52  5:00  Zerg Missile Weapons Level 1  
  52  5:22  Overlord x2  
  52  5:23  Overlord  
  52  5:28  Spore Crawler  
  51  5:31  Hydralisk Den  
  51  5:33  Queen  
  52  5:48  Zergling x16  
  60  5:53  Overlord x3  
  60  5:56  Drone  
  60  5:57  Drone x6  
  63  6:01  Muscular Augments  
  67  6:08  Spore Crawler  
  64  6:14  Baneling Nest  
  64  6:15  Hydralisk x7  
  64  6:16  Hydralisk  
  79  6:18  Overseer  
  79  6:34  Spore Crawler  
  78  6:40  Hydralisk x3  
  78  6:41  Hydralisk x4  
  78  6:43  Overlord x2  
  92  6:49  Extractor  
  92  6:51  Drone x2  
  92  6:52  Drone x3  
  96  7:20  Zerg Missile Weapons Level 2  
  96  7:28  Hydralisk x3  
  96  7:29  Hydralisk x2  
  106  7:44  Overlord x4  
  106  7:47  Overlord  
  106  7:55  Hydralisk x2  
  106  7:56  Hydralisk x2  
  114  8:44  Hydralisk  
  114  8:45  Hydralisk x4  
  114  8:46  Hydralisk  
  114  8:47  Overlord x2  
  114  8:48  Overlord  
  126  8:50  Overlord x2  
  126  8:51  Overlord  
  115  9:34  Hydralisk  
  115  9:35  Hydralisk x5  
  115  9:36  Drone, Hydralisk, Zergling x6  
  106  9:47  Drone x3  
  109  9:56  Hatchery, Centrifical Hooks  
  109  9:58  Hatchery  
  107  10:01  Roach Warren  
  106  10:11  Overlord  
  106  10:12  Overlord x2  
  106  10:27  Hydralisk, Zergling x2  
  106  10:28  Zergling x16  
  100  11:17  Roach x4  
  100  11:18  Roach x2  
Tags
 
Add a new tag
Caveats
  • Supply blocks, unpowered buildings, or Contaminate may cause inaccurate times.
  • Supply counts are checked every 10 seconds.